 Dungeon Crawl Stone Soup version 0.29.1-12-g30fa7ad0bf (webtiles) character file.

Game seed: 15467092682297986580

20696 Oxelix the Bludgeoner (level 12, -6/63 HPs)
             Began as a Minotaur Berserker on Oct 20, 2022.
             Was a High Priest of Trog.
             Killed from afar by a wretched star (12 damage)
             ... with a lance of force
             ... on level 2 of the Abyss on Jan 3, 2023.
             The game lasted 00:41:14 (9041 turns).

Oxelix the Bludgeoner (Minotaur Berserker)          Turns: 9041, Time: 00:41:14

Health: -6/63      AC: 20    Str: 30      XL:     12   Next: 47%
Magic:  2/2        EV: 10    Int:  3 (4)  God:    Trog [*****.]
Gold:   1332       SH: 16    Dex:  7      Spells: 11/11 levels left

rFire   . . .      SeeInvis .   R - +4 morningstar (antimagic)
rCold   . . .      Faith    .   w - +0 tower shield
rNeg    + + .      Spirit   .   M - +0 plate armour
rPois   .          Reflect  .   (helmet restricted)
rElec   .          Harm     .   t - +2 cloak
rCorr   .          Rampage  .   A - +2 pair of gloves
Will    .....      Rage     9%  D - +1 pair of boots "Xutsaun" {rF- rN++ Str+5}
Stlth   ..........              m - amulet of regeneration
HPRegen 0.00/turn               H - ring "Deysu" {EV+4 Str+3 Int+4}
MPRegen 0.08/turn               I - ring "Ylabuun" {rF+ Slay+4}

@: on berserk cooldown, inhibited regen, unable to read, unable to drink
A: horns 2, retaliatory headbutt, [berserk 2], [clumsy 2], [deformed body],
[deterioration 2], [dopey 2], [frail 3], [low MP 3], [screaming 2], [inhibited
regeneration], [weak 2], [subdued magic 3], [inability to drink after injury 2],
[inability to read after injury 2]
a: Renounce Religion, Berserk, Trog's Hand, Brothers in Arms


You were on level 2 of the Abyss.
You worshipped Trog.
Trog was extremely pleased with you.
You visited 2 branches of the dungeon, and saw 11 of its levels.
You visited the Abyss 1 time.
You also visited: Bailey.

You collected 1422 gold pieces.
You spent 90 gold pieces at shops.

Inventory:

Hand Weapons
 a - a +3 long sword
 i - a +6 spectral club
 l - the +10 hand axe of Quanikk {vorpal, rPois Str-5 Dex+7 Stlth-}
   (You took it off a rakshasa on level 9 of the Dungeon)

   It inflicts extra damage upon your enemies.
   Str:       It affects your strength (-5).
   Dex:       It affects your dexterity (+7).
   rPois:     It protects you from poison.
   Stlth:     It makes you less stealthy.
 K - a +3 vorpal mace
 R - a +4 antimagic morningstar (weapon)
Armour
 c - a scarf of invisibility
 t - a +2 cloak (worn)
 w - a +0 tower shield (worn)
 A - a +2 pair of gloves (worn)
 D - the +1 pair of boots "Xutsaun" (worn) {rF- rN++ Str+5}
   (You found it on level 7 of the Dungeon)

   Str:       It affects your strength (+5).
   rF:        It makes you vulnerable to fire.
   rN:        It greatly protects you from negative energy.
 M - a +0 plate armour (worn)
Jewellery
 j - a ring of flight
 m - an amulet of regeneration (around neck)
 v - a ring of fire
 y - the ring "Vepuumie" {rPois rF+ MP+9 SInv}
   (You found it on level 5 of the Dungeon)

   [ring of poison resistance]

   rF:        It protects you from fire.
   rPois:     It protects you from poison.
   MP:        It affects your magic capacity (+9).
   SInv:      It lets you see invisible.
 G - an amulet of the acrobat
 H - the ring "Deysu" (left hand) {EV+4 Str+3 Int+4}
   (You took it off a goblin on level 8 of the Dungeon)

   [ring of evasion]

   EV:        It affects your evasion (+4).
   Str:       It affects your strength (+3).
   Int:       It affects your intelligence (+4).
 I - the ring "Ylabuun" (right hand) {rF+ Slay+4}
   (You took it off a hobgoblin in a bailey)

   [ring of slaying]

   Slay:      It affects your accuracy & damage with ranged weapons and melee
   (+4).
   rF:        It protects you from fire.
Wands
 e - a wand of mindburst (7)
 h - a wand of roots (22)
Scrolls
 d - a scroll of fear
 f - 2 scrolls of identify
 g - 3 scrolls of vulnerability
 k - 2 scrolls of poison {unknown}
 n - 4 scrolls of teleportation {unknown}
 p - 4 scrolls of magic mapping
 u - 2 scrolls of amnesia {unknown}
 F - a scroll of enchant armour {unknown}
 L - 2 scrolls of enchant weapon {unknown}
Potions
 b - 2 potions of brilliance {unknown}
 o - a potion of heal wounds
 q - a potion of attraction {unknown}
 r - 3 potions of curing
 s - 3 potions of berserk rage {unknown}
 x - 2 potions of magic
 z - 2 potions of might {unknown}
 C - a potion of ambrosia {unknown}
 J - 3 potions of flight
 Q - a potion of degeneration {unknown}
Miscellaneous
 N - a piece from Xom's chessboard (15/15)


   Skills:
 - Level 3.6 Fighting
 - Level 6.6(12.2) Axes
 - Level 15.7(16.2) Maces & Flails
 * Level 11.9 Armour
 - Level 2.1 Dodging
 - Level 0.6 Stealth
 - Level 14.1 Shields


You had 11 spell levels left.
You didn't know any spells.
Your spell library was empty.

Dungeon Overview and Level Annotations

Branches:
Dungeon (10/15)            Temple (1/1) D:7          Bailey (visited)
   Lair: D:8-11         Orc: D:9-12

Altars:
Ashenzari
Cheibriados
Dithmenos
Elyvilon
Fedhas
Gozag
Hepliaklqana
Kikubaaqudgha
Makhleb
Nemelex Xobeh
Okawaru
Qazlal
Ru
Sif Muna
Trog
Uskayaw
Vehumet
Wu Jian
Xom
Zin

Shops:
D:2 [

Annotations:
D:10 Sonja


Innate Abilities, Weirdness & Mutations

You have a pair of horns on your head.
You reflexively headbutt those who attack you in melee.
[You have an uncontrollable temper.]
[You are very clumsy. (Dex -4)]
[Armour fits poorly on your strangely shaped body.]
[Your body often deteriorates upon taking damage.]
[You are very dopey. (Int -4)]
[You are extremely frail. (-30% HP)]
[Your magical capacity is extremely low. (-30% MP)]
[You frequently scream uncontrollably at your foes.]
[You do not regenerate when monsters are visible.]
[You are very weak. (Str -4)]
[Your spells are much easier to cast, but much less powerful.]
[You sometimes lose the ability to drink potions when taking damage.]
[You sometimes lose the ability to read scrolls when taking damage.]


Message History

The wretched star pulses with an eldritch light!
You feel weaker. x2
The wretched star pulses with an eldritch light!
You feel clumsy. x2; Your body twists and deforms.
You can read scrolls again.
The wretched star pulses with an eldritch light!
You feel a little pissed off.
You feel extremely angry at everything!
The wretched star pulses with an eldritch light!
You feel the urge to shout.
You feel a strong urge to scream.
You hit the wretched star but do no damage.
The wretched star is severely damaged.
You barely miss the wretched star.
The wretched star is severely damaged.
The wretched star pulses with an eldritch light!
You feel frail.
You thump the wretched star!
The wretched star's magic leaks into the air.
The wretched star is severely damaged.
The wretched star pulses with an eldritch light!
You occasionally lose the ability to drink potions when taking damage.
You lose the ability to drink potions when taking damage more often.
You hit the wretched star but do no damage.
The wretched star is severely damaged.
The wretched star's magic is no longer disrupted.
The wretched star glows turbulently.
The lance of force hits you!!
You feel threatened and lose the ability to read scrolls!
You feel threatened and lose the ability to drink potions!
* * * LOW HITPOINT WARNING * * *
You are knocked back by the lance of force.
You slam into the rock wall!
* * * LOW HITPOINT WARNING * * *
You hit the wretched star but do no damage.
The wretched star is severely damaged.
You feel yourself speed up.
You barely miss the wretched star. You headbutt the wretched star!
The wretched star is almost destroyed.
The wretched star glows turbulently.
The lance of force hits you!
You die...

... .## ..
...# .# ...##
#. # ..#.#.#
.# #....## .#
. #.....##..
.. ####.##..
.##... #...@#
###....
#..##..*..#..#
. #..####...##
#..##.###...#
##. #.......#
.. # #......#.
.. #.# # . . #
# .###. ..# .
. ..#. *# .#.
..


You could see a wretched star.

Vanquished Creatures
  A tentacled starspawn (Abyss:2)
  Josephine (D:10)
  A hydra (D:8)
  A rakshasa (D:9)
  A centaur warrior (D:9)
  Erolcha (D:10)
  An anaconda (shapeshifter) (D:9)
  A two-headed ogre (D:10)
  Erica (D:8)
  2 wretched stars (Abyss:2)
  6 starcursed masses
  A deep elf pyromancer (D:9)
  The ghost of enclume the Geomancer, a novice GrEE of Sif Muna (D:8)
  2 ugly things (D:9)
  2 gargoyles
  A troll (D:9)
  Grinder (D:6)
  A slime creature (D:9)
  3 raiju (Abyss:1)
  6 wraiths
  3 yaks (D:9)
  A vampire (D:9)
  2 wyverns (D:9)
  A basilisk (D:9)
  7 vampire mosquitoes
  2 large abominations
  2 acid dragons (D:10)
  A small abomination (Abyss:2)
  A water moccasin (D:7)
  9 orc warriors
  A sky beast (D:8)
  An ice beast (D:6)
  A black bear (D:6)
  An ogre (D:7)
  4 centaurs
  A phantom (D:5)
  5 kobold brigands
  3 bullfrogs
  2 gnoll sergeants
  6 scorpions
  3 wights (D:8)
  17 killer bees
  8 howler monkeys
  2 orc priests
  5 hounds
  Jessica (D:2)
  2 iguanas
  10 orc wizards
  11 adders
  13 gnolls
  A shadow imp (D:6)
  A white imp (D:7)
  An ufetubus (D:4)
  2 worms
  A dart slug (D:4)
  38 orcs
  10 ball pythons
  9 bats
  9 endoplasms
  A giant cockroach (D:2)
  15 goblins
  10 hobgoblins
  3 jackals (D:4)
  A quokka (D:1)
  4 frilled lizards
  36 kobolds
  5 rats
308 creatures vanquished.

Vanquished Creatures (collateral kills)
  An orc knight (Bailey)
  A hobgoblin (Bailey)
2 creatures vanquished.

Vanquished Creatures (others)
  A fungus (D:6)
  4 plants (D:1)
  2 starspawn tentacles (Abyss:2)
  4 toadstools (D:6)
  14 withered plants (D:1)
25 creatures vanquished.

Grand Total: 335 creatures vanquished

Notes
Turn   | Place    | Note
-------+----------+-------------------------------------------
     0 | D:1      | Oxelix the Minotaur Berserker began the quest for the Orb.
     0 | D:1      | Reached XP level 1. HP: 19/19 MP: 0/0
   586 | D:1      | Reached XP level 2. HP: 22/26 MP: 1/1
   647 | D:1      | Found a faded altar of an unknown god.
  1191 | D:1      | Reached skill level 5 in Axes
  1192 | D:1      | Reached ** piety under Trog
  1315 | D:1      | Reached XP level 3. HP: 29/31 MP: 2/2
  1658 | D:2      | Found Unanargh's Armour Emporium.
  1709 | D:2      | Noticed Jessica
  1717 | D:2      | Killed Jessica
  1936 | D:2      | Reached XP level 4. HP: 37/39 MP: 3/3
  2125 | D:2      | Found a hazy altar of Hepliaklqana.
  2975 | D:4      | Reached *** piety under Trog
  2976 | D:4      | Reached skill level 1 in Maces & Flails
  2976 | D:4      | Reached XP level 5. HP: 45/45 MP: 4/4
  2980 | D:4      | Reached skill level 2 in Maces & Flails
  3073 | D:4      | Reached skill level 3 in Maces & Flails
  3079 | D:4      | Reached skill level 4 in Maces & Flails
  3081 | D:4      | Reached XP level 6. HP: 35/51 MP: 5/5
  3414 | D:4      | Reached skill level 5 in Maces & Flails
  3800 | D:5      | Entered Level 5 of the Dungeon
  3841 | D:5      | Reached skill level 6 in Maces & Flails
  3919 | D:5      | Reached XP level 7. HP: 57/57 MP: 6/6
  3991 | D:5      | Reached skill level 7 in Maces & Flails
  4077 | D:5      | Identified the ring "Vepuumie" {rPois rF+ MP+9 SInv}
  4120 | D:5      | Reached skill level 8 in Maces & Flails
  4120 | D:5      | Reached skill level 1 in Shields
  4310 | D:6      | Reached skill level 9 in Maces & Flails
  4317 | D:6      | Reached XP level 8. HP: 64/64 MP: 7/7
  4384 | D:6      | Noticed Grinder
  4399 | D:6      | Reached **** piety under Trog
  4404 | D:6      | Killed Grinder
  4405 | D:6      | Reached skill level 10 in Maces & Flails
  4412 | D:6      | Reached skill level 11 in Maces & Flails
  4538 | D:6      | Found a snail-covered altar of Cheibriados.
  4578 | D:6      | Found a shadowy altar of Dithmenos.
  4594 | D:6      | Found a sparkling altar of Nemelex Xobeh.
  4808 | D:6      | Reached skill level 12 in Maces & Flails
  5244 | D:7      | Upgraded the game from 0.29.1-1-gd02db6906a to
                  | 0.29.1-2-gbd0b4ee654
  5271 | D:7      | Found Zin's Purification Station.
  5271 | D:7      | Found a glowing silver altar of Zin.
  5301 | D:7      | Reached XP level 9. HP: 58/70 MP: 8/8
  5346 | D:7      | Upgraded the game from 0.29.1-2-gbd0b4ee654 to
                  | 0.29.1-12-g30fa7ad0bf
  5392 | D:7      | Bought a potion of curing for 90 gold pieces
  5510 | D:7      | Found a staircase to the Ecumenical Temple.
  5540 | Temple   | Entered the Ecumenical Temple
  5589 | D:7      | Identified the +1 pair of boots "Xutsaun" {rF- rN++ Str+5}
  5839 | D:8      | Found a bloodstained altar of Trog.
  6045 | D:8      | Identified the ring "Deysu" {EV+4 Str+3 Int+4}
  6046 | D:8      | Found a flagged portal.
  6049 | D:8      | Reached ***** piety under Trog
  6062 | Bailey   | Entered a bailey
  6193 | Bailey   | Reached skill level 5 in Shields
  6202 | Bailey   | Noticed an orc knight
  6205 | Bailey   | Identified the ring "Ylabuun" {rF+ Slay+4}
  6220 | Bailey   | Killed an orc knight
  6451 | D:8      | Noticed Erica
  6458 | D:8      | Killed Erica
  6459 | D:8      | Reached skill level 10 in Shields
  6459 | D:8      | Reached XP level 10. HP: 51/77 MP: 9/9
  6728 | D:8      | Reached skill level 13 in Maces & Flails
  6748 | D:8      | Found an opulent altar of Gozag.
  6883 | D:8      | Found a runed translucent gate.
  6883 | D:8      | Found a runed translucent gate.
  6883 | D:8      | Found a runed translucent gate.
  6886 | D:8      | Noticed enclume's ghost (novice GrEE)
  6886 | D:8      | Noticed a ten-headed hydra
  6894 | D:8      | Killed a ten-headed hydra
  6895 | D:8      | Reached skill level 14 in Maces & Flails
  6898 | D:8      | Killed enclume's ghost
  7320 | D:9      | Received a gift from Trog
  7327 | D:9      | Reached skill level 15 in Maces & Flails
  7470 | D:9      | Reached XP level 11. HP: 69/82 MP: 10/10
  7531 | D:9      | Noticed a centaur warrior
  7537 | D:9      | Killed a centaur warrior
  7795 | D:9      | Noticed a deep elf pyromancer
  7810 | D:9      | Killed a deep elf pyromancer
  7898 | D:9      | Identified the +10 hand axe of Quanikk {vorpal, rPois Str-5
                  | Dex+7 Stlth-}
  7898 | D:9      | Noticed a rakshasa
  7910 | D:9      | Killed a rakshasa
  7961 | D:9      | Noticed a red ugly thing
  7961 | D:9      | Noticed a brown ugly thing
  7975 | D:9      | Killed a red ugly thing
  7981 | D:9      | Killed a purple ugly thing
  7982 | D:9      | Identified the +0 pair of boots "Desiptel" {Will- rCorr
                  | MP+9}
  8020 | D:9      | Found a runed translucent door.
  8022 | D:9      | Noticed an anaconda
  8033 | D:9      | Killed an anaconda
  8214 | D:10     | Entered Level 10 of the Dungeon
  8285 | D:10     | Noticed a two-headed ogre
  8291 | D:10     | Noticed Erolcha
  8292 | D:10     | Killed a two-headed ogre
  8301 | D:10     | Killed Erolcha
  8302 | D:10     | Reached skill level 5 in Armour
  8438 | D:10     | Found a shimmering altar of Xom.
  8556 | D:10     | Noticed Josephine
  8564 | D:10     | Killed Josephine
  8564 | D:10     | Received a gift from Trog
  8565 | D:10     | Reached XP level 12. HP: 86/90 MP: 11/11
  8632 | D:10     | Found a broken altar of Ashenzari.
  8664 | D:10     | Noticed Sonja
  8697 | Abyss:1  | Cast into level 1 of the Abyss (Sonja)
  8789 | Abyss:1  | Noticed a starcursed mass
  8802 | Abyss:1  | Killed a starcursed mass
  8878 | Abyss:2  | Noticed a starcursed mass
  8899 | Abyss:2  | Killed a starcursed mass
  8900 | Abyss:2  | Killed a starcursed mass
  8901 | Abyss:2  | Reached skill level 10 in Armour
  8994 | Abyss:2  | Noticed a tentacled starspawn
  9010 | Abyss:2  | Killed a tentacled starspawn
  9041 | Abyss:2  | Killed from afar by a wretched star

Illustrated notes

Levels and vault maps discovered:
D:1:      minmay_arrival_hallway, layout_loops_ring,
          shapermc_ecumenical_altar_flowoftime
D:2:      layout_basic, basic_altar, serial_shops, shop, uniq_jessica
D:3:      layout_loops_cross
D:4:      layout_basic
D:5:      layout_basic, hex_tiny
D:6:      layout_cave_pods, mainiacjoe_overflow_boulevard,
          mainiacjoe_overflow_alcove_1, grunt_dithmenos_smoke,
          minmay_gold_behind_fungi, uniq_grinder
D:7:      layout_cave_pools, zin_purify, minmay_temple_entry_nine_rooms,
          serial_column_ruins, column_ruins_open_medium, column_ruins_columns_T,
          column_ruins_open_large, column_ruins_open_tiny
D:8:      layout_layer_cave, mainiacjoe_overflow_paths, trog_book,
          enter_bailey_3, gammafunk_ghost_hydra_chop, uniq_erica
D:9:      minmay_the_grid_triangle_9x9_recursive_2
          [minmay_the_grid_triangle_9x9_prize_schism,
          minmay_the_grid_triangle_9x9_subtriangle,
          minmay_the_grid_triangle_9x9_zippers_horizontal,
          minmay_the_grid_triangle_9x9_alien], layout_basic, serial_curves,
          eino_curves_04, eino_curves_01, nzn_life_drinkers
D:10:     layout_big_octagon, lemuel_zombie_altar_yredelemnul,
          marbit_many_paths, mainiacjoe_overflow_alcove_2,
          general_overflow_altar, serial_shops, kennysheep_mini_moat,
          chequers_decorated_corner, uniq_sonja, uniq_erolcha, uniq_josephine
Temple:   nicolae_temple_no_exploring_needed
Abyss:2:  base:
D:10

Skill      XL: |  1  2  3  4  5  6  7  8  9 10 11 12 |
---------------+-------------------------------------+-----
Axes           | 4 5 6 |  6.6
Maces & Flails | 1 4 6 9 12 15 | 15.7
Shields        | 1 2 10 14 | 14.1
Armour         | 8 11 | 11.9
Fighting       | |  3.6
Dodging        | |  2.1
Stealth        | |  0.6

Action                   |  1- 3 |  4- 6 |  7- 9 | 10-12 || total
-------------------------+-------+-------+-------+-------++-------
Melee: Hand axe          |    95 |       |       |       ||    95
       Headbutt          |    14 |     9 |    31 |    61 ||   115
       Club              |     3 |    86 |   190 |   272 ||   551
       Morningstar       |       |       |       |    62 ||    62
Invok: Berserk           |       |     1 |     5 |    10 ||    16
       Brothers in Arms  |       |       |     1 |       ||     1
  Use: Scroll            |       |       |     5 |     2 ||     7
       Potion            |       |       |       |     5 ||     5
 Stab: Distracted        |       |     1 |     1 |     4 ||     6
Armor: Animal skin       |    21 |       |       |       ||    21
       Scale mail        |       |    41 |    79 |    35 ||   155
       Plate armour      |       |       |       |    57 ||    57
Dodge: Dodged            |    48 |    45 |    46 |    81 ||   220
Block: Tower shield      |       |     8 |   105 |   204 ||   317
